 Dungeon Crawl Stone Soup version 0.17.1-2-g5865329 (webtiles) character file.

7330 Mysteryquy the Cleaver (level 11, -1/101 HPs)
             Began as a Hill Orc Fighter on Jan 17, 2016.
             Was a High Priest of Okawaru.
             Slain by a 20-headed hydra (6 damage)
             ... on level 1 of the Lair of Beasts.
             The game lasted 00:31:50 (11006 turns).

Mysteryquy the Cleaver (Hill Orc Fighter)          Turns: 11006, Time: 00:31:50

Health: -1/101     AC: 23    Str: 23    XL:     11   Next: 13%
Magic:  8/14       EV:  4    Int:  8    God:    Okawaru [*****.]
Gold:   560        SH: 13    Dex: 10    Spells: 0 memorised, 10 levels left

rFire  + . .     SeeInvis .     W - +2 war axe
rCold  . . .     Clarity  .     O - +0 plate armour
rNeg   . . .     SustAt   .     c - +0 shield
rPois  .         Gourm    .     N - +1 helmet
rElec  .         Spirit   .     r - +0 cloak
rCorr  .         Warding  .     V - +0 pair of gloves
rMut   .         Stasis   .     g - +0 pair of boots
MR     .....                    (no amulet)
Stlth  ..........               s - ring of protection from fire
                                P - +2 ring of slaying

@: heroism, finesse, not resistant to hostile enchantments, extremely unstealthy
A: no striking features
a: Heroism, Finesse, Renounce Religion


You were on level 1 of the Lair of Beasts.
You worshipped Okawaru.
Okawaru was extremely pleased with you.
You were not hungry.

You visited 2 branches of the dungeon, and saw 11 of its levels.

You collected 582 gold pieces.
You spent 22 gold pieces at shops.

Inventory:

Hand Weapons
 W - a +2 war axe (weapon)
Armour
 c - a +0 shield (worn)
 g - a +0 pair of boots (worn)
 r - a +0 cloak (worn)
 N - a +1 helmet (worn)
 O - a +0 plate armour (worn)
 V - a +0 pair of gloves (worn)
Jewellery
 s - a ring of protection from fire (right hand)
 P - a +2 ring of slaying (left hand)
Wands
 d - a wand of disintegration (13)
 v - a wand of digging (12)
 G - a wand of teleportation (9)
 H - a wand of hasting (6)
 T - a wand of disintegration (5)
Scrolls
 b - a scroll of holy word {unknown}
 e - a scroll of identify
 n - 2 scrolls of recharging
 o - 2 scrolls of remove curse
 t - 3 scrolls of enchant armour
 w - 2 scrolls of enchant weapon
 A - a scroll of fear
 K - 2 scrolls of magic mapping
Potions
 h - 2 potions of lignification {unknown}
 i - 2 potions of cancellation {unknown}
 j - 5 potions of flight {unknown}
 k - a potion of mutation
 p - 5 potions of heal wounds
 q - 2 potions of magic {unknown}
 u - 3 potions of curing
 z - 3 potions of agility {unknown}
 C - a potion of haste {unknown}
 D - a potion of ambrosia {unknown}
 E - a potion of cure mutation {unknown}
 S - 4 potions of poison {unknown}
 U - 2 potions of berserk rage
Books
 L - a book of Dreams

   Spells                             Type                      Level
   a - Ensorcelled Hibernation        Hexes/Ice                    2
   b - Phase Shift                    Translocation                5
   c - Shadow Creatures               Summoning                    5
   d - Silence                        Hexes/Air                    5
   e - Darkness                       Hexes                        6
   f - Mass Confusion                 Hexes                        6
Comestibles
 f - 4 meat rations
 l - 5 beef jerkies
 m - 14 fruits
 x - 4 bread rations
 F - 2 royal jellies
 R - 10 slices of pizza


   Skills:
 - Level 10.5(15.5) Fighting
 - Level 12.4(17.4) Axes
 - Level 8.9(13.9) Armour
 - Level 8.6(13.6) Shields
 * Level 4.9 Invocations


You had 10 spell levels left.
You didn't know any spells.

Dungeon Overview and Level Annotations

Branches:
Dungeon (10/15)            Temple (0/1) D:6            Lair (1/8) D:9
    Orc: D:9-12

Altars:
Cheibriados
Dithmenos
Elyvilon
Fedhas
Gozag
Kikubaaqudgha
Nemelex Xobeh
Okawaru
Ru
Vehumet

Shops:
D:6 }}((%

Annotations:
D:8 Glider's ghost, novice DsCK


Message History

* * * LOW HITPOINT WARNING * * *
You lop one of the 20-headed hydra's heads off!
You slice the 19-headed hydra!!
The 19-headed hydra is heavily wounded.
You are too injured to fight recklessly!
You are too injured to fight recklessly!
You slice one of the 19-headed hydra's heads off!
The 18-headed hydra grows two more!
You hit the 20-headed hydra.
The 20-headed hydra is heavily wounded.
You block the 20-headed hydra's attack. x4
The 20-headed hydra barely misses you.
The 20-headed hydra bites you but does no damage.
The 20-headed hydra bites you.
* * * LOW HITPOINT WARNING * * *
The 20-headed hydra completely misses you.
The 20-headed hydra bites you but does no damage.
The 20-headed hydra barely misses you.
The 20-headed hydra bites you but does no damage.
The 20-headed hydra bites you.
You die...

####
####.#.####
##P........#
### ...[.......
.... ..........
.....#.........
#.....D.......
#@.......
####.#.##


You could see a 20-headed hydra.

Vanquished Creatures
  Prince Ribbit (D:9)
  A wraith (D:10)
  Sigmund (D:5)
  A wyvern (D:9)
  2 deep elf magi (D:10)
  6 yaks
  A hungry ghost (D:8)
  A human (D:7)
  2 water moccasins (D:8)
  2 ice beasts
  4 sky beasts
  An ogre (D:7)
  A necrophage (D:5)
  5 orc warriors
  A swamp drake (D:9)
  2 centaurs
  2 phantoms
  3 crocodiles (D:9)
  A big kobold (D:9)
  A scorpion (D:9)
  3 giant frogs
  A water moccasin skeleton (D:5)
  11 wights
  4 killer bees (D:9)
  A centaur zombie (D:5)
  An electric eel (D:6)
  3 giant frog zombies
  4 crimson imps
  2 centaur skeletons
  3 giant frog skeletons
  4 jellies
  7 iguanas
  8 worker ants
  7 orc priests
  5 hounds
  9 orc wizards
  3 sheep (D:7)
  A hound skeleton (D:7)
  13 adders
  4 gnolls (D:3)
  A worker ant zombie (D:9)
  2 shadow imps
  An ooze (D:4)
  4 worms
  9 giant geckos
  41 orcs
  7 giant cockroaches
  6 goblins
  12 hobgoblins
  3 jackals (D:4)
  A ball python (D:1)
  5 bats
  2 giant gecko skeletons
  4 giant newts
  10 kobolds
  A quokka (D:8)
  5 rats
247 creatures vanquished.

Notes
Turn   | Place    | Note
--------------------------------------------------------------
     0 | D:1      | Mysteryquy the Hill Orc Fighter began the quest for the Orb.
     0 | D:1      | Reached XP level 1. HP: 19/19 MP: 1/1
   152 | D:1      | Reached XP level 2. HP: 24/27 MP: 2/2
   248 | D:1      | Reached skill level 4 in Fighting
   499 | D:2      | Reached XP level 3. HP: 29/33 MP: 3/3
   607 | D:2      | You fall through a shaft!
   755 | D:3      | Reached XP level 4. HP: 14/41 MP: 4/4
  1082 | D:3      | Found an ancient bone altar of Kikubaaqudgha.
  1082 | D:3      | Found a sacrificial altar of Ru.
  1369 | D:3      | Reached XP level 5. HP: 42/47 MP: 5/5
  1854 | D:2      | Found a radiant altar of Vehumet.
  2348 | D:4      | Found a sparkling altar of Nemelex Xobeh.
  2348 | D:4      | Found an opulent altar of Gozag.
  2581 | D:4      | Found a blossoming altar of Fedhas.
  2654 | D:4      | Reached skill level 5 in Fighting
  2709 | D:4      | Found an iron altar of Okawaru.
  2715 | D:4      | Reached XP level 6. HP: 56/56 MP: 6/6
  3148 | D:4      | Became a worshipper of Warmaster Okawaru
  3160 | D:5      | Entered Level 5 of the Dungeon
  3175 | D:5      | Reached skill level 5 in Axes
  3175 | D:5      | Reached skill level 5 in Armour
  3220 | D:5      | Reached XP level 7. HP: 51/60 MP: 7/7
  3264 | D:4      | Reached skill level 5 in Shields
  3498 | D:5      | Reached * piety under Okawaru
  3570 | D:5      | Reached skill level 6 in Fighting
  3675 | D:5      | Noticed Sigmund
  3770 | D:5      | Reached XP level 8. HP: 51/70 MP: 8/8
  3980 | D:5      | Killed Sigmund
  3980 | D:5      | Reached ** piety under Okawaru
  3980 | D:5      | Reached skill level 7 in Axes
  4044 | D:6      | Found Ciwkojee's Gadget Shoppe.
  4392 | D:6      | Found Noppit's Antique Weapon Boutique.
  4419 | D:6      | Found Ysocw's Food Shop.
  4429 | D:6      | Reached skill level 8 in Axes
  4442 | D:6      | Bought a royal jelly for 22 gold pieces
  4486 | D:6      | Found Nuweas's Gadget Shoppe.
  4513 | D:6      | Found a white marble altar of Elyvilon.
  4687 | D:6      | Found Fira's Antique Weapon Shoppe.
  4851 | D:6      | Found a staircase to the Ecumenical Temple.
  5335 | D:6      | Reached XP level 9. HP: 71/79 MP: 9/9
  5627 | D:7      | Reached skill level 9 in Axes
  6225 | D:7      | Found a shadowy altar of Dithmenos.
  6225 | D:7      | Found a snail-covered altar of Cheibriados.
  6334 | D:7      | Reached *** piety under Okawaru
  6771 | D:8      | Noticed Glider's ghost (novice DsCK)
  6967 | D:8      | Reached skill level 10 in Axes
  7663 | D:8      | Reached **** piety under Okawaru
  7663 | D:8      | Reached XP level 10. HP: 88/90 MP: 10/10
  8082 | D:9      | Noticed Prince Ribbit
  8203 | D:9      | Killed Prince Ribbit
  8335 | D:9      | Reached skill level 1 in Invocations
  8536 | D:9      | Reached skill level 11 in Axes
  9586 | D:9      | Found a staircase to the Lair.
  9848 | D:10     | Entered Level 10 of the Dungeon
  9953 | Lair:1   | Entered Level 1 of the Lair of Beasts
  9953 | Lair:1   | Noticed a five-headed hydra
 10144 | D:9      | Reached skill level 10 in Fighting
 10282 | D:10     | Reached ***** piety under Okawaru
 10282 | D:10     | Reached skill level 12 in Axes
 10316 | D:10     | Reached XP level 11. HP: 74/101 MP: 11/11
 10585 | D:10     | Noticed a hill giant
 10874 | D:10     | Noticed a hill giant
 11006 | Lair:1   | HP: 5/101 [20-headed hydra (3)]
 11006 | Lair:1   | Slain by a 20-headed hydra

Action                   |  1- 3 |  4- 6 |  7- 9 | 10-12 || total
-------------------------+-------+-------+-------+-------++-------
Melee: War axe           |    95 |   157 |   499 |   353 ||  1104
Invok: Heroism           |       |       |     1 |     3 ||     4
       Finesse           |       |       |       |     1 ||     1
  Use: Potion            |       |       |     1 |     1 ||     2
       Scroll            |       |       |       |    15 ||    15
  Eat: Chunk             |       |     3 |    15 |    12 ||    30
       Bread ration      |       |     1 |       |       ||     1
       Royal jelly       |       |       |     1 |       ||     1
